 Dungeon Crawl Stone Soup version 0.23-a0-393-g6e9e0f2070 (webtiles) character file.

50 Banto the Sneak (level 3, -1/21 HPs)
             Began as an Octopode Earth Elementalist on Oct 31, 2018.
             Slain by a worm (9 damage)
             ... on level 2 of the Dungeon.
             The game lasted 00:01:19 (1482 turns).

Banto the Sneak (Octopode Earth Elementalist)       Turns: 1482, Time: 00:01:20

Health: -1/21      AC:  1    Str:  7    XL:     3   Next: 79%
Magic:  6/6        EV: 13    Int: 18    God:
Gold:   71         SH:  0    Dex: 12    Spells: 0/6 levels left

rFire    . . .     SeeInvis .   d - +0 dagger
rCold    . . .     Gourm    .   (no shield)
rNeg     . . .     Faith    .   (helmet restricted)
rPois    .         Spirit   .   (no amulet)
rElec    .         Reflect  .   (no ring)
rCorr    .         Harm     .   (no ring)
MR       .....                  (no ring)
Stlth    +++.......             (no ring)
HPRegen  0.07/turn              (no ring)
MPRegen  0.10/turn              (no ring)
                                (no ring)
                                (no ring)

@: no status effects
A: almost no armour, stealthy swim, amphibious, 8 rings, constrict 8, camouflage
1, gelatinous body 1
a: no special abilities


You were on level 2 of the Dungeon.
You were hungry.

You visited 1 branch of the dungeon, and saw 2 of its levels.

You collected 71 gold pieces.

Inventory:

Hand Weapons
 d - a +0 dagger (weapon)
Missiles
 b - 35 stones (quivered)
Jewellery
 l - a cursed amulet of inaccuracy {unknown}
Scrolls
 a - a scroll of teleportation {unknown}
 e - a scroll of identify {unknown}
 g - a scroll of remove curse {unknown}
 i - a scroll of blinking {unknown}
Potions
 f - a potion of brilliance {unknown}
 h - a potion of degeneration {unknown}
 j - a potion of haste {unknown}
 k - a potion of cancellation {unknown}
Comestibles
 c - 2 rations


   Skills:
 + Level 0.5 Short Blades
 - Level 2.0 Dodging
 + Level 4.2 Stealth
 - Level 2.0 Spellcasting
 + Level 1.2 Transmutations
 + Level 3.7 Earth Magic


You couldn't memorise any spells.
You knew the following spells:

 Your Spells              Type           Power        Failure   Level  Hunger
a - Sandblast             Erth           ###...       3%          1    #......
b - Passwall              Tmut/Erth      ##......     10%         2    ###....
c - Stone Arrow           Conj/Erth      #.....       26%         3    ###....

Your spell library contained the following spells:

 Spells                   Type           Power        Failure   Level  Hunger
 Petrify                  Tmut/Erth      ##......     54%         4    #####..
 Lee's Rapid Deconstruct  Erth           ###.......   71%         5    ######.


Dungeon Overview and Level Annotations

Branches:
Dungeon (2/15)

Altars:


Innate Abilities, Weirdness & Mutations

You cannot wear most types of armour.
You are very stealthy in the water. (Stealth+)
You are amphibious.
You can wear up to eight rings at the same time.
You can use your tentacles to constrict eight enemies at once.
Your skin changes colour to match your surroundings (Stealth+).
Your rubbery body absorbs attacks. (AC +1, EV +1)


Message History

Magic restored.
MP restored: 6 You start resting.
You are feeling hungry.
You regained 6 hp, and now have 13/21 hp.
You start resting.
HP restored.
Health restored: 21 You climb downwards.
The goblin shoots a stone.
The stone hits you.
The goblin shoots a stone.
The stone misses you. The worm bites you!
Ouch! That really hurt!
There is a stone staircase leading up, spattered with blood here.
You see here a stone.
You take 12 damage, and have 9/21 hp.
MASSIVE DAMAGE!!
You hit the worm. You grab the worm. You squeeze the worm.
The worm is heavily wounded.
You constrict the worm.
The goblin shoots a stone.
The stone hits you.
You take 1 damage, and have 8/21 hp.
You release your grip on the worm.
The worm bites you!
You die...

#..........................
#.##.....##.#.####.########
# ########†#.#....#####
#...#.#........#
##.###.#†.....^.#
#.(.##.#........####
#...(..##...†.......
#.#.w..###.###......
#.(@#.####.# #......
#..##....#.# #......
#.(#####.#.# #)..... #g÷#
#...# #......
#####((######### #......
..............# #######
######........#
........)..# ####........#


You could see a worm and a goblin.

Vanquished Creatures
  An ooze (D:1)
  3 dart slugs
  2 leopard geckos (D:1)
  5 giant cockroaches
  5 goblins
  2 hobgoblins (D:2)
  A quokka (D:2)
  4 bats
  2 frilled lizards
  7 kobolds
  4 rats
36 creatures vanquished.

Notes
Turn   | Place    | Note
-------+----------+-------------------------------------------
     0 | D:1      | Banto the Octopode Earth Elementalist began the quest for
                  | the Orb.
     0 | D:1      | Reached XP level 1. HP: 11/11 MP: 3/3
   145 | D:1      | Reached skill level 3 in Stealth
   167 | D:1      | Reached XP level 2. HP: 13/17 MP: 3/5
   357 | D:1      | Learned a level 2 spell: Passwall
   592 | D:1      | Reached XP level 3. HP: 19/21 MP: 6/6
   624 | D:1      | Learned a level 3 spell: Stone Arrow
   654 | D:1      | Reached skill level 4 in Stealth
  1482 | D:2      | Slain by a worm

Vault maps used:
D:1:      erik_arrival_triangle_large
D:2:      zin_academy

Skill      XL: |  1  2  3 |
---------------+----------+-----
Stealth        | 3 4 |  4.2
Short Blades   | |  0.5
Dodging        | |  2.0
Spellcasting   | |  2.0
Transmutations | |  1.2
Earth Magic    | |  3.7

Action                   || total
-------------------------++-------
Melee: Unarmed           ||    20
       Constrict         ||    20
       Tentacles         ||    11
       Dagger            ||    50
 Cast: Sandblast         ||     5
 Stab: Sleeping          ||    12
       Distracted        ||     1
  Eat: Chunk             ||     1
Armor: Skin              ||     8
Dodge: Dodged            ||    45

Table legend:
 A = Non-vault XP
 B = Vault XP
 C = Vault XP percentage of total XP
 D = Non-vault monster count
 E = Vault monster count
 F = Vault count percentage of total count
                 A         B        C        D         E       F
            +---------+---------+-------+---------+---------+-------
      Total |      72 |       0 |   0.0 |      36 |       0 |   0.0
            +---------+---------+-------+---------+---------+-------
        D:1 |      48 |       0 |   0.0 |      23 |       0 |   0.0
        D:2 |      24 |       0 |   0.0 |      13 |       0 |   0.0
            +---------+---------+-------+---------+---------+-------

Table legend:
 A = Turns spent in this place as a percentage of turns spent in the entire game.
 B = Non-inter-level travel turns spent in this place as a percentage of non-inter-level travel turns spent in the entire game.
 C = Inter-level travel turns spent in this place as a percentage of turns spent in this place.
 D = Turns resting spent in this place as a percentage of non-inter-level travel turns spent in this place.
 E = Turns spent auto-exploring this place as a percentage of non-inter-level travel turns spent in this place.
 F = Non-inter-level travel turns spent in this place divided by the number of levels of this place that you've seen.
                   A       B       C       D       E      F
               +-------+-------+-------+-------+-------+----------------------
         Total | 100.0 | 100.0 |   3.3 |  23.3 |  58.6 | 716.5
       Dungeon | 100.0 | 100.0 |   3.3 |  23.3 |  58.6 | 716.5
               +-------+-------+-------+-------+-------+----------------------

Table legend:
 A = Kills in this place as a percentage of kills in entire the game.
 B = Kills by you in this place as a percentage of kills by you in the entire game.
 C = Kills by friends in this place as a percentage of kills by friends in the entire game.
 D = Other kills in this place as a percentage of other kills in the entire game.
 E = Experience gained in this place as a percentage of experience gained in the entire game.
 F = Experience gained in this place divided by the number of levels of this place that you have seen.
                   A       B       C       D       E      F
               +-------+-------+-------+-------+-------+----------------------
         Total | 100.0 | 100.0 |   N/A |   N/A | 100.0 |  36.0
       Dungeon | 100.0 | 100.0 |   N/A |   N/A | 100.0 |  36.0
               +-------+-------+-------+-------+-------+----------------------
